 Dungeon Crawl Stone Soup version 0.28.0-43-g3370ac3207 (webtiles) character file.

Game seed: 14549919810020242983

214 pkoi the Gusty (level 5, -1/38 HPs)
             Began as a Draconian Air Elementalist on Mar 15, 2022.
             Was a Follower of Cheibriados.
             Slain by a black bear (2 damage)
             ... on level 4 of the Dungeon.
             The game lasted 00:05:02 (3690 turns).

pkoi the Gusty (Draconian Air Elementalist)         Turns: 3690, Time: 00:05:02

Health: -1/38      AC:  5    Str: 10 (12) XL:     5   Next: 59%
Magic:  3/9        EV: 12    Int: 19 (20) God:    Cheibriados [*.....]
Gold:   96         SH:  0    Dex: 13 (14) Spells: 8/9 levels left

rFire   . . .      SeeInvis .   a - +0 dagger (holy)
rCold   . . .      Faith    .   (no shield)
rNeg    + . .      Spirit   .   (armour unavailable)
rPois   .          Reflect  .   (helmet restricted)
rElec   .          Harm     .   (no cloak)
rCorr   .          Rampage  .   (no gloves)
Will    .....                   (no boots)
Stlth   ++........              (no amulet)
HPRegen 0.12/turn               o - ring of positive energy
MPRegen 0.11/turn               (no ring)

@: very slow
A: AC +5, unfitting armour, cold-blooded, talons 1, weak 1
a: Renounce Religion, Bend Time


You were on level 4 of the Dungeon.
You worshipped Cheibriados.
Cheibriados was aware of your devotion.
You visited 2 branches of the dungeon, and saw 5 of its levels.

You collected 96 gold pieces.

Inventory:

Hand Weapons
 a - a +0 dagger of holy wrath (weapon)
Missiles
 c - 15 poisoned darts
Armour
 h - a +0 cloak
Jewellery
 o - a ring of positive energy (left hand)
Wands
 i - a wand of flame (21)
Scrolls
 k - a scroll of teleportation
 m - a scroll of identify
 p - a scroll of fear
Potions
 d - a potion of resistance
 f - a potion of heal wounds
 g - 2 potions of berserk rage {unknown}
 j - a potion of might {unknown}
 l - a potion of ambrosia {unknown}
 n - a potion of brilliance {unknown}


   Skills:
 - Level 1.7 Dodging
 - Level 1.7 Stealth
 + Level 1.7 Unarmed Combat
 + Level 2.6 Spellcasting
 - Level 1.0 Conjurations
 * Level 5.3 Air Magic
 + Level 1.7 Invocations


You had 8 spell levels left.
You knew the following spells:

 Your Spells              Type           Power      Damage    Failure   Level
a - Shock                 Conj/Air       56%        1d6       4%          1

Your spell library contained the following spells:

 Spells                   Type           Power      Damage    Failure   Level
 Swiftness                Air            22%        N/A       5%          3
 Static Discharge         Conj/Air       14%        N/A       7%          2
 Airstrike                Air            11%        N/A       19%         4
 Ensorcelled Hibernation  Hex/Ice        4%         N/A       24%         2
 Passwall                 Tmut/Erth      1%         N/A       24%         2
 Call Canine Familiar     Summ           2%         N/A       43%         3
 Portal Projectile        Hex/Tloc       4%         N/A       43%         3
 Leda's Liquefaction      Hex/Erth       1%         N/A       85%         4


Dungeon Overview and Level Annotations

Branches:
Dungeon (4/15)             Temple (1/1) D:4

Altars:
Cheibriados
Elyvilon
Fedhas
Gozag
Hepliaklqana
Kikubaaqudgha
Nemelex Xobeh
Okawaru
Ru
Sif Muna
Trog
Uskayaw
Vehumet
Xom
The Shining One


Innate Abilities, Weirdness & Mutations

Your plain brown scales are hard. (AC +5)
You cannot fit into any form of body armour.
You are cold-blooded and may be slowed by cold attacks.
You have sharp toenails.
You are weak. (Str -2)


Message History

You claw the black bear.
The black bear is heavily wounded.
The black bear barely misses you. The black bear claws you.
* * * LOW HITPOINT WARNING * * *
The black bear claws you but does no damage.
You closely miss the black bear. You claw the black bear.
The black bear is severely wounded.
The black bear barely misses you. The black bear closely misses you.
The black bear barely misses you.
You hit the black bear but do no damage.
The black bear is severely wounded.
The black bear bites you but does no damage.
The black bear misses you. x2
You closely miss the black bear. Your kick misses the black bear.
The black bear is severely wounded.
The black bear bites you.
* * * LOW HITPOINT WARNING * * *
The black bear claws you.
* * * LOW HITPOINT WARNING * * *
The black bear claws you.
* * * LOW HITPOINT WARNING * * *
You hit the black bear. Your kick misses the black bear.
You tail-slap the black bear, but do no damage.
The black bear is severely wounded.
The black bear goes berserk!
You hit the black bear.
The black bear is severely wounded.
The black bear bites you!
* * * LOW HITPOINT WARNING * * *
The black bear claws you.
* * * LOW HITPOINT WARNING * * *
The black bear claws you.
* * * LOW HITPOINT WARNING * * *
The black bear barely misses you. The black bear claws you.
* * * LOW HITPOINT WARNING * * *
The black bear claws you but does no damage.
You hit the black bear but do no damage.
The black bear is severely wounded.
The black bear bites you.
You die...

..# ###########.#
#.........#.# #.#######.#.#
# #.# #.#.#
#####.##.#######.#.#
.................#.#
###...###........#.##
...<...@............#
......)h............##..
........<...........##..
....................##..
....................##..
....................##..
........................##..
........................##..
............... ............


You could see a black bear (berserk).

Vanquished Creatures
  Blork the orc (D:4)
  An iguana (D:4)
  An orc wizard (D:3)
  An adder (D:4)
  An adder skeleton (D:4)
  2 worms (D:2)
  2 dart slugs
  4 orcs
  13 ball pythons
  8 endoplasms
  3 giant cockroaches
  5 goblins
  4 hobgoblins
  7 jackals
  3 quokkas
  4 bats
  4 frilled lizards
  2 kobolds
  2 rats
68 creatures vanquished.

Notes
Turn   | Place    | Note
-------+----------+-------------------------------------------
     0 | D:1      | pkoi the Draconian Air Elementalist began the quest for the
                  | Orb.
     0 | D:1      | Reached XP level 1. HP: 14/14 MP: 3/3
   181 | D:1      | Reached XP level 2. HP: 20/20 MP: 3/5
   549 | D:1      | Reached skill level 4 in Air Magic
   761 | D:1      | Found a faded altar of an unknown god.
  1038 | D:2      | Found a snail-covered altar of Cheibriados.
  1052 | D:1      | Reached XP level 3. HP: 24/26 MP: 1/6
  1129 | D:2      | Became a worshipper of Cheibriados the Contemplative
  2075 | D:3      | Reached XP level 4. HP: 33/33 MP: 1/7
  2088 | D:3      | Reached * piety under Cheibriados
  2193 | D:3      | Reached skill level 1 in Invocations
  2323 | D:3      | Reached skill level 1 in Unarmed Combat
  3145 | D:4      | Reached skill level 5 in Air Magic
  3233 | D:4      | Noticed Blork the orc
  3251 | D:4      | Reached XP level 5. HP: 37/38 MP: 0/8
  3361 | D:4      | Found a staircase to the Ecumenical Temple.
  3366 | Temple   | Entered the Ecumenical Temple
  3666 | D:4      | Noticed a black bear
  3672 | D:4      | Killed Blork the orc
  3674 | D:4      | Gained mutation: You are clumsy. (Dex -2) [potion of
                  | mutation]
  3674 | D:4      | Gained mutation: You tend to lose your temper in combat.
                  | [potion of mutation]
  3675 | D:4      | Lost mutation: You are clumsy. (Dex -2) [potion of
                  | mutation]
  3675 | D:4      | Lost mutation: You tend to lose your temper in combat.
                  | [potion of mutation]
  3675 | D:4      | Gained mutation: You have sharp toenails. [potion of
                  | mutation]
  3675 | D:4      | Gained mutation: You are weak. (Str -2) [potion of
                  | mutation]
  3689 | D:4      | HP: 1/38 [black bear (3)]
  3690 | D:4      | Slain by a black bear

Illustrated notes

Levels and vault maps discovered:
D:1:      elethiomel_arrival_infinity_welcomes_careful_drivers, layout_rooms,
          shapermc_ecumenical_altar_mp_highgroup, chequers_arboretum,
          minmay_misc_feat_tiny, glass_columns_c, minmay_heptomino_h4
D:2:      layout_rooms, basic_altar
D:3:      layout_loops_ring, serial_rivers, chequers_serial_rivers_large_b,
          chequers_serial_rivers_micro_e, chequers_serial_rivers_room_b,
          chequers_serial_rivers_room_a, chequers_serial_rivers_micro_b
D:4:      minmay_octagon_keep, layout_basic, temple_doors_e,
          minmay_misc_feat_rows, uniq_blork_the_orc
Temple:   dpeg_chambers_temple

Skill      XL: |  1  2  3  4 |
---------------+-------------+-----
Air Magic      | 4 5 |  5.3
Invocations    | 1 |  1.7
Unarmed Combat | 1 |  1.7
Dodging        | |  1.7
Stealth        | |  1.7
Spellcasting   | |  2.6
Conjurations   | |  1.0

Action                   |  1- 3 |  4- 6 || total
-------------------------+-------+-------++-------
Melee: Dagger            |    74 |    35 ||   109
       Tailslap          |     2 |     4 ||     6
       Kick              |       |     5 ||     5
 Cast: Shock             |    85 |    38 ||   123
  Use: Scroll            |     1 |     3 ||     4
       Potion            |       |     4 ||     4
Armor: Skin              |    51 |    28 ||    79
Dodge: Dodged            |    80 |    49 ||   129
